 Dungeon Crawl Stone Soup version 0.32-a0-411-g744942f433 (webtiles) character file.

Game seed: 796493772367935919

180 shadowstone the Ruffian (level 5, -3/33 HPs)
             Began as an Octopode Shapeshifter on Feb 20, 2024.
             Slain by a gnoll
             ... wielding a +0 spear
              (6 damage)
             ... on level 3 of the Dungeon.
             The game lasted 00:04:27 (2522 turns).

shadowstone the Ruffian (Octopode Shapeshifter)     Turns: 2522, Time: 00:04:28

Health: -3/33      AC:  1    Str: 16    XL:     5   Next: 60%
Magic:  5/5        EV: 13    Int: 12    God:
Gold:   99         SH:  0    Dex: 11    Spells: 4/4 levels left

rFire   . . .        k - +3 hand axe
rCold   . . .        (no shield)
rNeg    . . .        (helmet currently unavailable)
rPois   .            (no amulet)
rElec   .            (no ring)
rCorr   .            (no ring)
SInv    .            (no ring)
Will    .....        (no ring)
Stlth   +++          (no ring)
HPRegen 0.25/turn    (no ring)
MPRegen 0.09/turn    (no ring)
                     (no ring)

%: no passive effects
@: beast-form
A: beast (slay +2), almost no armour, amphibious, 8 rings, camouflage 1,
gelatinous body 1, (nimble swimmer 1), tentacles
a: Begin Untransformation


You were on level 3 of the Dungeon.
You were a hulking beast.
You visited 1 branch of the dungeon, and saw 3 of its levels.

You collected 99 gold pieces.

Inventory:

Hand Weapons
 k - a +3 hand axe (weapon)
Armour
 j - a +1 helmet
Jewellery
 n - a ring of protection from cold
Talismans
 b - a beast talisman (active)
 c - a flux talisman
Scrolls
 e - a scroll of enchant armour {unknown}
 i - a scroll of identify {unknown}
 l - a scroll of fear {unknown}
 m - a scroll of teleportation {unknown}
 o - a scroll of amnesia {unknown}
Potions
 a - a potion of lignification
 d - a potion of berserk rage {unknown}
 f - a potion of might {unknown}
 g - 2 potions of invisibility {unknown}
 h - 3 potions of curing {unknown}


   Skills:
 + Level 1.5 Fighting
 + Level 1.4 Axes
 + Level 2.6 Dodging
 + Level 2.1 Stealth
 + Level 4.1 Unarmed Combat
 + Level 3.9 Shapeshifting


You had 4 spell levels left.
You didn't know any spells.
Your spell library was empty.

Dungeon Overview and Level Annotations

Branches:
Dungeon (3/15)

Altars:
Elyvilon
Zin


Innate Abilities, Weirdness & Mutations

You are a hulking beast.
Your limbs bulge with bestial killing power. (Slay +2)
You cannot wear most types of armour.
You are amphibious.
You can wear up to eight rings at the same time.
Your skin changes colour to match your surroundings (Stealth+).
Your rubbery body absorbs attacks. (AC +1, EV +1)
((You are camouflaged when in or above water. (Stealth+)))
You have tentacles for arms and can constrict up to eight enemies at once.


Message History

An adder comes into view.
The adder hisses angrily.
The orc closely misses you.
You barely miss the orc. Your grab misses the orc. You squeeze the orc!
You kill the orc!
You hit the adder. The adder bites you. The adder barely misses you.
The adder bites you.
Things that are here:
a +0 short sword; an orc corpse The adder barely misses you.
The adder bites you.
You are poisoned.
The adder poisons you!
You feel sick.
You feel sick.
A gnoll comes into view. It is wielding a +0 spear.
You feel sick. 2 gnolls come into view.
You feel sick.
The gnoll shouts!
You hear a shout!
The adder completely misses you.
A gnoll comes into view. It is wielding a +0 whip.
You feel sick.
You feel sick.
You are no longer poisoned.
The adder attacks as it pursues you! The adder bites you.
* * * LOW HITPOINT WARNING * * *
The adder attacks as it pursues you! The adder misses you.
The adder closely misses you.
You hit the adder. Your grab misses the adder.
The adder is almost dead.
The gnoll hits you from afar with a +0 spear.
* * * LOW HITPOINT WARNING * * *
The gnoll misses you. The adder bites you.
* * * LOW HITPOINT WARNING * * *
The gnoll barely misses you. The gnoll closely misses you.
You slash the adder!
You kill the adder!
You slash the gnoll!
The gnoll hits you from afar with a +0 spear.
You die...

.#...........##### ..
.............. #.
#####...###..# ##.#
#...####.# ...
##....#..# ..
###......## #.
##......#...
######.######.........##
.......h†......)....###
######.gg...##....###
#...gg.#####....#
#..##.#.# #..#### #.
...... #### # #.......
#....... #.......#


You could see 4 gnolls.

Vanquished Creatures
  A bombardier beetle (D:2)
  5 adders
  3 dart slugs
  4 ribbon worms
  2 orcs (D:3)
  5 ball pythons
  4 endoplasms
  3 giant cockroaches (D:1)
  3 goblins
  3 hobgoblins
  3 quokkas
  6 bats
  5 frilled lizards
  3 kobolds
  8 rats
58 creatures vanquished.

Notes
Turn   | Place    | Note
-------+----------+-------------------------------------------
     0 | D:1      | shadowstone the Octopode Shapeshifter began the quest for
                  | the Orb.
     0 | D:1      | Reached XP level 1. HP: 13/13 MP: 1/1
    52 | D:1      | Reached XP level 2. HP: 8/18 MP: 2/2
   355 | D:1      | Reached XP level 3. HP: 23/23 MP: 3/3
   781 | D:2      | Reached XP level 4. HP: 17/28 MP: 4/4
   953 | D:2      | Found a glowing silver altar of Zin.
  1012 | D:2      | Reached skill level 4 in Unarmed Combat
  1084 | D:2      | Reached skill level 1 in Stealth
  1539 | D:2      | Found a faded altar of an unknown god.
  1549 | D:2      | Reached skill level 1 in Axes
  1549 | D:2      | Reached XP level 5. HP: 33/33 MP: 5/5
  1721 | D:2      | Prayed at the altar of an unknown god.
  1721 | D:2      | Became a worshipper of Elyvilon the Healer
  1721 | D:2      | Reached * piety under Elyvilon
  1733 | D:2      | Fell from the grace of Elyvilon
  2522 | D:3      | Slain by a gnoll

Illustrated notes

Levels and vault maps discovered:
D:1:      minmay_arrival_plants_in_alcoves, layout_rooms,
          chequers_serial_rivers_micro_a, st_stairs_4, chequers_avenue
D:2:      layout_basic, basic_altar, shapermc_ecumenical_altar_acropolis,
          minmay_misc_feat_hallway, minmay_fountain_box, roderic_st_hans_cross,
          grunt_ministairs_5
D:3:      layout_rooms

Skill      XL: |  1  2  3  4  5 |
---------------+----------------+-----
Unarmed Combat | 4 |  4.1
Stealth        | 1 2 |  2.1
Axes           | 1 |  1.4
Fighting       | |  1.5
Dodging        | |  2.6
Shapeshifting  | |  3.9

Action                     |  1- 3 |  4- 6 || total
---------------------------+-------+-------++-------
  Melee: Unarmed           |    52 |       ||    52
         Constrict         |    16 |    11 ||    27
         Tentacles         |    10 |     6 ||    16
         Hand axe          |     3 |    58 ||    61
 Invoke: Renounce Religion |       |     1 ||     1
   Stab: Sleeping          |     4 |     4 ||     8
 Armour: Skin              |    16 |    37 ||    53
  Dodge: Dodged            |    29 |    58 ||    87

Table legend: (Time is in decaauts)
 A = Elapsed time spent in this place.
 B = Non-inter-level travel time spent in this place.
 C = Inter-level travel time spent in this place.
 D = Time resting spent in this place.
 E = Time spent auto-exploring this place.
 F = Levels seen in this place.
 G = Mean time per level.
                   A        B        C        D        E       F      G
               +--------+--------+--------+--------+--------+-----+--------+
         Total |   2534 |   2389 |    145 |    623 |    932 |   3 |  844.7 |
       Dungeon |   2534 |   2389 |    145 |    623 |    932 |   3 |  844.7 |
               +--------+--------+--------+--------+--------+-----+--------+

Top non-repeatable levels by time:
     D:2: 1731 daAuts
     D:1: 639 daAuts
     D:3: 162 daAuts
